 Dungeon Crawl Stone Soup version 0.21.1-1-g345015f (webtiles) character file.

212 Vesto the Conjurer (level 5, -1/41 HPs)
             Began as a Draconian Conjurer on Feb 20, 2018.
             Slain by an orc
             ... wielding a +0 trident
              (5 damage)
             ... on level 4 of the Dungeon.
             The game lasted 00:04:25 (1352 turns).

Vesto the Conjurer (Draconian Conjurer)             Turns: 1352, Time: 00:04:25

Health: -1/41      AC:  5    Str: 10    XL:     5   Next: 58%
Magic:  0/9        EV: 12    Int: 17    God:
Gold:   52         SH:  0    Dex: 11    Spells: 1/9 levels left

rFire    . . .     SeeInvis .   a - +2 short sword (venom)
rCold    . . .     Gourm    .   (no shield)
rNeg     . . .     Faith    .   (armour unavailable)
rPois    .         Spirit   .   (helmet restricted)
rElec    .         Reflect  .   (no cloak)
rCorr    .         Harm     .   (no gloves)
MR       .....                  (no boots)
Stlth    ++........             (no amulet)
HPRegen  0.13/turn              (no ring)
MPRegen  0.11/turn              (no ring)

@: no status effects
A: unfitting armour, cold-blooded, AC +5
a: no special abilities


You were on level 4 of the Dungeon.
You were not hungry.

You visited 1 branch of the dungeon, and saw 5 of its levels.

You collected 52 gold pieces.

Inventory:

Hand Weapons
 a - a +2 short sword of venom (weapon)
 b - a +2 whip of pain
Books
 A - a book of Conjurations

   Spells                             Type                      Level
   a - Magic Dart                     Conjuration                  1
   b - Searing Ray                    Conjuration                  2
   c - Dazzling Spray                 Conjuration/Hexes            3
   d - Fulminant Prism                Conjuration/Hexes            4
   e - Force Lance                    Conjuration/Translocation    4
   f - Iskenderun's Mystic Blast      Conjuration                  4
 B - a book of Flames

   Spells                             Type                      Level
   a - Flame Tongue                   Conjuration/Fire             1
   b - Throw Flame                    Conjuration/Fire             2
   c - Conjure Flame                  Conjuration/Fire             3
   d - Inner Flame                    Hexes/Fire                   3
   e - Sticky Flame                   Conjuration/Fire             4
   f - Fireball                       Conjuration/Fire             5
Comestibles
 c - 2 rations


   Skills:
 + Level 2.1 Fighting
 + Level 2.6 Dodging
 + Level 2.8 Stealth
 + Level 2.8 Spellcasting
 * Level 5.1 Conjurations


You had one spell level left.
You knew the following spells:

 Your Spells              Type           Power        Failure   Level  Hunger
a - Magic Dart            Conj           ###.         2%          1    #......
b - Conjure Flame         Conj/Fire      ##......     19%         3    ###....
c - Searing Ray           Conj           ###...       3%          2    ##.....
d - Throw Flame           Conj/Fire      ##....       10%         2    ##.....


Dungeon Overview and Level Annotations

Branches:
Dungeon (5/15)
 Temple: D:4-7

Altars:

Annotations:
D:1 exclusion: downstairs


Innate Abilities, Weirdness & Mutations

Your plain brown scales are hard. (AC +5)
You cannot fit into any form of body armour.
You are cold-blooded and may be slowed by cold attacks.


Message History

You completely miss the orc priest. The orc priest hits you with a club.
The orc hits you but does no damage.
Casting: Magic Dart
Confirm with . or Enter, or press ? or * to list all spells.
Aiming: Magic Dart
Press: ? - help, Shift-Dir - straight line, f - orc priest
Aim: an orc priest, wielding a club and wearing a leather armour The magic dart hits the orc priest.
The orc priest is moderately wounded.
The orc priest barely misses you. The orc barely misses you.
You hit the orc priest.
The orc priest is poisoned.
The orc priest is severely wounded.
The orc misses you.
The orc priest mumbles some strange prayers to Beogh against you.
Beogh smites you!
* * * LOW HITPOINT WARNING * * *
You hit the orc priest.
You kill the orc priest!
The orc hits you from afar with a trident.
You die...

#......##
....
#.....##
...
#.....#
..
##....# #
#....#
#....#
##..o#
#.o)##
#.##@#
######


You could see 2 orcs.

Vanquished Creatures
  A scorpion (D:4)
  A crimson imp (D:5)
  An orc priest (D:4)
  An orc wizard (D:4)
  A worker ant (D:4)
  A hound skeleton (D:2)
  A worker ant zombie (D:5)
  An adder skeleton (D:4)
  A worm (D:4)
  A leopard gecko (D:5)
  2 orcs
  3 bats
  A goblin (D:1)
  2 hobgoblins
  2 kobolds
  A jackal skeleton (D:4)
  3 rats
24 creatures vanquished.

Notes
Turn   | Place    | Note
-------+----------+-------------------------------------------
     0 | D:1      | Vesto the Draconian Conjurer began the quest for the Orb.
     0 | D:1      | Reached XP level 1. HP: 14/14 MP: 3/3
   304 | D:2      | Reached XP level 2. HP: 22/22 MP: 0/5
   308 | D:2      | Learned a level 2 spell: Searing Ray
   843 | D:3      | Reached skill level 1 in Fighting
   956 | D:4      | Reached XP level 3. HP: 25/28 MP: 6/6
  1077 | D:5      | Entered Level 5 of the Dungeon
  1096 | D:5      | Reached XP level 4. HP: 35/35 MP: 3/7
  1227 | D:4      | Learned a level 3 spell: Conjure Flame
  1230 | D:4      | Learned a level 2 spell: Throw Flame
  1246 | D:4      | Reached XP level 5. HP: 41/41 MP: 2/9
  1315 | D:4      | Reached skill level 5 in Conjurations
  1352 | D:4      | Slain by an orc

Skill      XL: |  1  2  3  4  5 |
---------------+----------------+-----
Dodging        | 2 |  2.6
Stealth        | 2 |  2.8
Fighting       | 1 2 |  2.1
Conjurations   | 5 |  5.1
Spellcasting   | |  2.8

Action                   |  1- 3 |  4- 6 || total
-------------------------+-------+-------++-------
Melee: Unarmed           |    40 |       ||    40
       Short sword       |    15 |    23 ||    38
       Tailslap          |     1 |     2 ||     3
 Cast: Magic Dart        |    20 |    13 ||    33
       Searing Ray       |     1 |     3 ||     4
  Use: Scroll            |       |     2 ||     2
       Potion            |       |     5 ||     5
 Stab: Sleeping          |     1 |       ||     1
  Eat: Chunk             |     1 |     1 ||     2
Armor: Skin              |    29 |     6 ||    35
Dodge: Dodged            |    65 |    19 ||    84
